 Dungeon Crawl Stone Soup version 0.30.1-11-g7821555f0a (webtiles) character file.

Game seed: 12308610095221208720

2188 ChrisAssaf the Magician (level 9, -3/61 HPs)
             Began as a Djinni Conjurer on Nov 8, 2023.
             Was a Priest of Qazlal.
             Slain by a wight
             ... wielding a +1 battleaxe of freezing
              (9 damage)
             ... on level 6 of the Dungeon.
             The game lasted 00:21:43 (5344 turns).

ChrisAssaf the Magician (Djinni Conjurer)           Turns: 5344, Time: 00:21:44

Health: -3/61      AC:  7    Str:  8    XL:     9   Next: 59%
Gold:   66         EV: 13    Int: 21    God:    Qazlal [***...] SH:  4 Dex: 13

rFire   + + .        A - +0 quarterstaff (distort)
rCold   x . .        (shield currently unavailable)
rNeg    . . .        a - +2 robe
rPois   ∞            b - +2 hat
rElec   .            p - +0 cloak {rCorr}
rCorr   +            (no gloves)
SInv    .            (boots unavailable)
Will    .....        (no amulet)
Stlth   ++           (no ring)
HPRegen 0.30/turn    (no ring)
MPRegen 0.00/turn

%: infuse magic (-4 HP)
@: flying
A: sickness immunity, fire resistance 2, cold vulnerability 1, float, innate
caster, HP casting, extra vitality 1
a: Renounce Religion, Upheaval, Elemental Force


You were on level 6 of the Dungeon.
You worshipped Qazlal.
Qazlal was most pleased with you.
You visited 1 branch of the dungeon, and saw 6 of its levels.

You collected 303 gold pieces.
You spent 237 gold pieces at shops.

Inventory:

Hand Weapons
 o - a +2 quarterstaff of freezing
 z - a +3 great mace of protection
 A - a +0 quarterstaff of distortion (weapon)
Missiles
 j - 2 poisoned darts
 y - 3 boomerangs (quivered)
Armour
 a - a +2 robe (worn)
 b - a +2 hat (worn)
 p - a +0 cloak of preservation (worn)
Jewellery
 i - a ring of see invisible
Wands
 d - a wand of quicksilver (3)
Scrolls
 f - 2 scrolls of blinking
 h - 2 scrolls of fog
 k - 4 scrolls of identify
 l - a scroll of poison
 m - 2 scrolls of immolation
 w - a scroll of noise
Potions
 c - a potion of resistance {unknown}
 e - 3 potions of degeneration
 g - 6 potions of curing
 n - a potion of mutation {unknown}
 q - a potion of heal wounds {unknown}
 r - a potion of magic {unknown}
 s - a potion of flight {unknown}
 t - a potion of invisibility {unknown}
 u - a potion of lignification {unknown}
 v - a potion of attraction {unknown}
 x - 2 potions of might {unknown}


   Skills:
 * Level 3.4 Fighting
 * Level 0.4(2.1) Maces & Flails
 * Level 3.6 Staves
 * Level 1.3 Throwing
 * Level 3.9 Armour
 * Level 4.9 Dodging
 * Level 4.0 Stealth
 + Level 0.1 Shields
 * Level 6.0 Spellcasting
 * Level 2.0 Invocations
 * Level 2.5 Evocations


You knew the following spells:

 Your Spells              Type           Power      Damage    Failure   Level
a - Magic Dart            Conj           100%       1d8       1%          1
b - Searing Ray           Conj           62%        2d6       1%          2
c - Dazzling Flash        Conj/Hex       62%        N/A       2%          3
d - Fulminant Prism       Conj/Hex       15%        3d10      9%          4
e - Iskenderun's Mystic   Conj/Tloc      31%        2d8       9%          4
f - Sandblast             Erth           62%        2d14      1%          1
g - Wereblood             Tmut           31%        N/A       1%          2
h - Portal Projectile     Hex/Tloc       62%        N/A       2%          3
i - Ignite Poison         Fire/Tmut/Pois 31%        N/A       2%          3
Your spell library was empty.

Dungeon Overview and Level Annotations

Branches:
Dungeon (6/15)
 Temple: D:4-7

Altars:
Qazlal
Yredelemnul

Shops:
D:6 (


Innate Abilities, Weirdness & Mutations

You are immune to sickness and miasma.
You are immune to poison.
Your flesh is very heat resistant. (rF++)
You are vulnerable to cold. (rC-)
You float through the air rather than walking.
You learn spells naturally, not from books.
Your magical power is your life essence.
You have superior vitality. (+4 MHP)


Message History

(Press . to maintain the ray.)
The wight closely misses you.
A wight comes into view. It is wielding a +1 scimitar.
The searing ray hits the wight!
The wight is heavily damaged.
The wight hits you with a +1 battleaxe of freezing!
The wight freezes you.
The searing ray misses the wight.
The searing ray hits the wight!
The wight is heavily damaged.
The wight closely misses you.
The searing ray hits the wight.
The wight is heavily damaged.
The searing ray hits the wight!
The wight is almost destroyed.
You finish channelling your searing ray.
You block the wight's attack.
Casting: Searing Ray (safe; 1% risk of failure)
Confirm with . or Enter, or press ? or * to list all spells.
Aiming: Searing Ray (safe; 1% risk of failure)
Press: ? - help, Shift-Dir - straight line, f/p - wight
Aim: a wight, wielding a +1 battleaxe of freezing and wearing a +0 robe (heavily damaged, 79% to hit)
The searing ray hits the wight but does no damage.
The wight is heavily damaged.
The searing ray hits the wight.
You destroy the wight!
Qazlal accepts your kill. (Press . to maintain the ray.)
The wight barely misses you.
Your Spellcasting skill increases to level 6!
The searing ray misses the wight.
The wight closely misses you.
The searing ray hits the wight but does no damage.
The wight is heavily damaged.
The wight hits you but does no damage.
The searing ray hits the wight.
The wight is almost destroyed.
You finish channelling your searing ray.
The wight hits you with a +1 battleaxe of freezing!
* * * LOW HITPOINT WARNING * * *
The wight freezes you!
You die...

......# ######
..... ####..(..
..... #.##..... ...
#.##..... ...
#.##..... ###.#
#.######. #..)# #.#
####. #z# #.# #....
#@# ##.###.###
##.#######..##..#
#.
##..##.......##.##
#.
###..##..#####.##.#
# #. ###...##..##
#.##.# ## #.
#...####.##
#.##.###.
####.###.### #.#
#)#......
##....#...# ###.#
###.#..#..#
##.....#..## #...#
#......#.##


You could see a wight.

Vanquished Creatures
  Edmund (D:4)
  A steam dragon (D:6)
  A water moccasin (D:6)
  An ice beast (D:6)
  2 centaurs
  2 phantoms
  A gnoll sergeant (D:6)
  3 scorpions
  A wyvern zombie (D:5)
  6 wights (D:6)
  A water moccasin skeleton (D:5)
  A howler monkey (D:4)
  A centaur zombie (D:5)
  4 hounds
  3 bullfrog zombies (D:5)
  A centaur skeleton (D:5)
  Crazy Yiuf (D:3)
  Jessica (D:3)
  Terence (D:2)
  An iguana (D:5)
  An orc wizard (D:6)
  A killer bee zombie (D:5)
  A hound zombie (D:5)
  A hound skeleton (D:5)
  A howler monkey zombie (D:5)
  Robin (D:2)
  2 howler monkey skeletons (D:5)
  5 adders
  8 gnolls
  2 ufetubi
  An adder zombie (D:5)
  2 worms
  3 dart slugs (D:2)
  8 orcs
  8 ball pythons
  4 endoplasms
  3 giant cockroaches
  12 goblins
  9 hobgoblins
  2 jackals (D:5)
  8 quokkas
  10 bats
  5 frilled lizards
  9 kobolds
  5 rats
146 creatures vanquished.

Notes
Turn   | Place    | Note
-------+----------+-------------------------------------------
     0 | D:1      | ChrisAssaf the Djinni Conjurer began the quest for the Orb.
     0 | D:1      | ChrisAssaf set off with the following spells memorised:
                  | Magic Dart, Searing Ray, Dazzling Flash, Fulminant Prism,
                  | Iskenderun's Mystic Blast.
     0 | D:1      | Reached XP level 1. HP: 15/15 MP: 0/0
   234 | D:1      | Reached XP level 2. HP: 18/22 MP: 0/0
   236 | D:2      | Noticed Robin
   243 | D:2      | Reached skill level 1 in Fighting
   243 | D:2      | Killed Robin
   243 | D:2      | Noticed Terence
   244 | D:2      | Reached XP level 3. HP: 16/27 MP: 0/0
   244 | D:2      | Learned a level 1 spell: Sandblast
   404 | D:3      | Found a basalt altar of Yredelemnul.
   431 | D:3      | Noticed Jessica
   435 | D:3      | Killed Jessica
   436 | D:3      | Reached skill level 4 in Spellcasting
   436 | D:3      | Reached XP level 4. HP: 29/32 MP: 0/0
   552 | D:4      | Noticed a scorpion
   562 | D:4      | Killed a scorpion
   563 | D:4      | Reached skill level 1 in Armour
   563 | D:4      | Reached XP level 5. HP: 11/38 MP: 0/0
   563 | D:4      | Learned a level 2 spell: Wereblood
   667 | D:4      | Noticed a phantom
   698 | D:4      | Killed a phantom
   699 | D:4      | Reached XP level 6. HP: 40/43 MP: 0/0
   800 | D:4      | Found a stormy altar of Qazlal.
   857 | D:4      | Became a worshipper of Qazlal Stormbringer
  1001 | D:4      | Noticed Edmund
  1011 | D:4      | Killed Edmund
  1012 | D:4      | Reached skill level 5 in Spellcasting
  1012 | D:4      | Reached XP level 7. HP: 43/49 MP: 0/0
  1012 | D:4      | Learned a level 3 spell: Portal Projectile
  1900 | D:3      | Found a runed translucent door.
  1901 | D:3      | Noticed Crazy Yiuf
  1987 | D:3      | Killed Crazy Yiuf
  2187 | D:2      | Killed Terence
  2258 | D:2      | Reached * piety under Qazlal
  2830 | D:1      | Reached ** piety under Qazlal
  3149 | D:5      | Entered Level 5 of the Dungeon
  3226 | D:5      | Reached XP level 8. HP: 30/55 MP: 0/0
  3444 | D:5      | Reached skill level 1 in Evocations
  3458 | D:5      | Reached skill level 1 in Staves
  3934 | D:5      | Reached skill level 1 in Invocations
  4423 | D:6      | Reached XP level 9. HP: 19/60 MP: 0/0
  4423 | D:6      | Learned a level 3 spell: Ignite Poison
  4427 | D:6      | Reached skill level 1 in Throwing
  4427 | D:6      | HP: 1/61 [wight/+0 flail (12)]
  4739 | D:6      | Reached *** piety under Qazlal
  4788 | D:6      | Found Ihiof's Antique Weapon Shoppe.
  4815 | D:6      | Bought a runed great mace for 237 gold pieces
  5342 | D:6      | Reached skill level 6 in Spellcasting
  5344 | D:6      | Slain by a wight

Illustrated notes

Levels and vault maps discovered:
D:1:      evilmike_arrival_crescent, layout_basic
D:2:      layout_rooms, minmay_increasing_density, uniq_terence, uniq_robin
D:3:      layout_loops_ring, mainiacjoe_overflow_chevrons, uniq_jessica,
          uniq_crazy_yiuf_cottage
D:4:      layout_gridville, mainiacjoe_overflow_tiny_flanked, uniq_edmund
D:5:      layout_basic, serial_undead, serial_undead_f, serial_undead_d,
          serial_undead_e, serial_undead_d, serial_undead_e, serial_undead_f
D:6:      layout_rooms, serial_shops, shop

Skill      XL: |  1  2  3  4  5  6  7  8  9 |
---------------+----------------------------+-----
Fighting       | 1 2 3 |  3.4
Spellcasting   | 4 5 6 |  6.0
Armour         | 1 2 3 |  3.9
Stealth        | 2 3 4 |  4.0
Dodging        | 3 4 |  4.9
Evocations     | 2 |  2.5
Staves         | 3 |  3.6
Invocations    | 1 2 |  2.0
Throwing       | 1 |  1.3
Maces & Flails | |  0.4
Shields        | |  0.1

Action                     |  1- 3 |  4- 6 |  7- 9 || total
---------------------------+-------+-------+-------++-------
  Melee: Unarmed           |     7 |       |       ||     7
         Quarterstaff      |       |       |    93 ||    93
         Great mace        |       |       |     2 ||     2
  Throw: Boomerang         |       |       |     8 ||     8
   Cast: Magic Dart        |    12 |     4 |     8 ||    24
         Searing Ray       |     8 |    12 |    63 ||    83
         Dazzling Flash    |       |     1 |       ||     1
         Portal Projectile |       |       |     1 ||     1
  Evoke: Wand              |       |       |    11 ||    11
    Use: Scroll            |     1 |     5 |     8 ||    14
   Stab: Sleeping          |     1 |       |       ||     1
 Armour: Robe              |     4 |     3 |   107 ||   114
  Dodge: Dodged            |    16 |    14 |   177 ||   207
  Block: Other             |       |       |    18 ||    18
